 Dungeon Crawl Stone Soup version 0.19-a0-1889-g9c603be (webtiles) character file.

20801 sveltemanboy the Carver (level 12, -1/88 HPs)
             Began as a Demonspawn Gladiator on Oct 17, 2016.
             Was the Champion of Okawaru.
             Killed by drain life
             ... invoked by a soul eater
             ... summoned by a deep elf mage
              (11 damage)
             ... on level 12 of the Dungeon.
             The game lasted 00:32:16 (11375 turns).

sveltemanboy the Carver (Demonspawn Gladiator)     Turns: 11375, Time: 00:32:16

Health: -1/88      AC: 19    Str: 28    XL:     12   Next: 48%
Magic:  17/17      EV: 10    Int: 13    God:    Okawaru [******]
Gold:   694        SH:  0    Dex: 18    Spells: 0 memorised, 11 levels left

rFire  . . .     SeeInvis +     u - +4 long sword (elec)
rCold  . . .     Gourm    .     M - +0 chain mail {MR+}
rNeg   . . .     Faith    .     O - +2 buckler {AC+3}
rPois  .         Spirit   .     z - +0 helmet of the Tired Blessings {Str+4 Int+3}
rElec  .         Reflect  .     H - +0 cloak
rCorr  .         Harm     .     q - +1 pair of gloves {Dex+3}
MR     +....                    D - +0 pair of boots
Stlth  ..........               (no amulet)
                                F - +5 ring of strength
                                k - ring of see invisible

@: confused, heavily drained
A: iridescent scales 1, foul stench 1, powered by death 2, rot immunity
a: Heroism, Finesse, Renounce Religion


You were on level 12 of the Dungeon.
You worshipped Okawaru.
Okawaru was exalted by your worship.
You were not hungry.

You visited 2 branches of the dungeon, and saw 13 of its levels.

You collected 814 gold pieces.
You spent 120 gold pieces at shops.

Inventory:

Hand Weapons
 u - a +4 long sword of electrocution (weapon)
Missiles
 d - 4 throwing nets
 t - 10 tomahawks (quivered)
Armour
 q - a +1 pair of gloves of dexterity (worn)
 z - the +0 helmet of the Tired Blessings (worn) {Str+4 Int+3}
   (You took it off Robin on level 3 of the Dungeon)

   It affects your strength (+4).
   It affects your intelligence (+3).
 D - a +0 pair of boots (worn)
 H - a +0 cloak (worn)
 M - a +0 chain mail of magic resistance (worn)
 O - a +2 buckler of protection (worn)
Jewellery
 k - a ring of see invisible (left hand)
 F - a +5 ring of strength (right hand)
 Q - an uncursed ring of protection from magic
Wands
 r - a wand of teleportation (7/9)
 s - a wand of slowing (39/48)
 v - a wand of confusion (21/48)
 w - a wand of paralysis (7/24)
 y - a wand of paralysis (18/24)
 B - a wand of digging (14/24)
 T - a wand of acid (1/15)
Scrolls
 e - 6 scrolls of remove curse
 i - 4 scrolls of identify
 m - 4 scrolls of magic mapping
 o - a scroll of silence
 x - 5 scrolls of teleportation
 C - 4 scrolls of blinking
 K - a scroll of amnesia
 N - 2 scrolls of enchant armour
Potions
 a - 3 potions of haste
 b - 2 potions of flight
 c - a potion of berserk rage
 g - 2 potions of might
 h - 2 potions of agility
 j - a potion of curing
 l - 2 potions of brilliance
 n - a potion of resistance
 E - a potion of heal wounds
 I - a potion of ambrosia
 S - a potion of cure mutation
Miscellaneous
 p - a phial of floods (inert)
Comestibles
 f - 6 bread rations
 A - a royal jelly
 G - 3 meat rations
 J - 4 chunks of flesh
 L - 3 fruits
 R - 9 slices of pizza


   Skills:
 - Level 6.0(4.4) Fighting
 * Level 13.9(11.9) Long Blades
   Level 3.6(2.1) Polearms
 - Level 1.7(0.3) Throwing
 - Level 5.0(3.4) Armour
 - Level 5.0(3.4) Dodging
 - Level 5.0(3.4) Shields
 - Level 7.2(5.5) Invocations
 + Level 6.0(4.4) Evocations


You had 11 spell levels left.
You didn't know any spells.

Dungeon Overview and Level Annotations

Branches:
Dungeon (12/15)            Temple (1/1) D:5            Lair (0/6) D:9
    Orc (0/2) D:12

Altars:
Cheibriados
Dithmenos
Elyvilon
Gozag
Hepliaklqana
Kikubaaqudgha
Makhleb
Nemelex Xobeh
Okawaru
Qazlal
Ru
Sif Muna
Trog
Vehumet
Zin
The Shining One

Shops:
D:6 *   D:7 }


Innate Abilities, Weirdness & Mutations

You are partially covered in iridescent scales. (AC +2)
You may emit foul miasma when damaged in melee.
You regenerate health from kills.
You are immune to rotting.


Message History

You barely miss the hell rat.
The deep elf mage hits you but does no damage.
The deep elf mage looks sick.
The tarantella bites you.
* * * LOW HITPOINT WARNING * * *
The tarantella looks sick.
The hell rat closely misses you. The soul eater hits you!
* * * LOW HITPOINT WARNING * * *
You feel drained.
* * * LOW HITPOINT WARNING * * *
The hell rat closely misses you.
Unknown command.
You barely miss the deep elf mage.
The deep elf mage is severely wounded.
The tarantella bites you but does no damage.
The deep elf mage mumbles some strange words.
The hell rat closely misses you. x2
Unknown command.
The hell rat disappears in a puff of smoke!
The soul eater draws from the surrounding life force!
You die...

.........# #...
.........# #...
####....## ##.#
###..##### ########## #.
#..>.....# #........#
#........# #........#
#........# #........'
#........# #..(.....#
#........##### #@s......#
#........(((.###..e.s...#
#........###...'r3......#
'........# ##.##.s.s..%.#
#.......## #...#######+##
#.......#....8....#
######)##.........#
##.)##.........#
#..###.........#.


You could see a soul eater, a demonic crawler, a deep elf mage, a tarantella, 2
redbacks and a hell rat.

Vanquished Creatures
  Josephine (D:11)
  A centaur warrior (D:9)
  2 tengu warriors (D:9)
  3 unseen horrors
  9 hill giants
  An ugly thing (D:12)
  A deep elf mage (D:12)
  2 cyclopes
  Maurice (D:8)
  3 centaur zombies
  A gargoyle (D:11)
  Psyche (D:9)
  A troll (D:10)
  Prince Ribbit (D:8)
  2 slime creatures (D:12)
  2 hippogriffs
  A shadow (D:12)
  9 yaks
  A hungry ghost (D:12)
  Grum (D:8)
  The ghost of p0werm0de the Insei, an amateur DsWr of Xom (D:4)
  Menkaure (D:4)
  A soldier ant (D:11)
  A water moccasin (D:9)
  2 orc warriors
  2 sky beasts
  2 ice beasts (D:9)
  2 black bears
  2 necrophages
  3 phantoms
  An eye of draining (D:10)
  3 wolves (D:8)
  6 ogres
  8 centaurs
  2 big kobolds
  10 bullfrogs
  2 troll zombies (D:12)
  A howler monkey (D:8)
  3 wights (D:6)
  A crimson imp (D:8)
  4 jellies
  4 centaur skeletons
  5 hounds
  4 orc wizards
  2 orc priests
  A bullfrog skeleton (D:9)
  An iguana (D:10)
  8 worker ants
  6 ogre zombies (D:12)
  2 hound zombies
  A hound skeleton (D:8)
  A worker ant zombie (D:8)
  Robin (D:3)
  A howler monkey skeleton (D:9)
  3 gnolls (D:2)
  8 adders
  An adder skeleton (D:6)
  An adder zombie (D:6)
  2 worms
  2 dart slugs
  8 leopard geckos
  35 orcs
  4 ball pythons
  8 bats
  10 giant cockroaches
  18 goblins
  8 hobgoblins
  11 jackals
  4 quokkas
  8 frilled lizards
  3 goblin skeletons (D:12)
  4 goblin zombies (D:12)
  4 hobgoblin zombies (D:12)
  A jackal skeleton (D:5)
  18 kobolds
  2 orc skeletons (D:12)
  12 orc zombies (D:12)
  2 quokka skeletons
  11 rats
327 creatures vanquished.

Vanquished Creatures (collateral kills)
  3 wraiths (D:11)
3 creatures vanquished.

Vanquished Creatures (others)
  2 fungi (D:6)
2 creatures vanquished.

Grand Total: 332 creatures vanquished

Notes
Turn   | Place    | Note
-------+----------+-------------------------------------------
     0 | D:1      | sveltemanboy the Demonspawn Gladiator began the quest for the Orb.
     0 | D:1      | Reached XP level 1. HP: 16/16 MP: 1/1
    91 | D:1      | Gained mutation: You are partially covered in iridescent scales. (AC +2) [demonic ancestry]
    91 | D:1      | Reached XP level 2. HP: 22/22 MP: 2/2
   407 | D:1      | Reached skill level 1 in Armour
   577 | D:1      | Gained mutation: You are immune to rotting. [demonic ancestry]
   577 | D:1      | Reached XP level 3. HP: 18/27 MP: 3/3
  1438 | D:2      | Reached skill level 1 in Long Blades
  1776 | D:2      | Reached skill level 1 in Shields
  1776 | D:2      | Gained mutation: You may emit foul miasma when damaged in melee. [demonic ancestry]
  1776 | D:2      | Reached XP level 4. HP: 28/33 MP: 4/4
  2144 | D:3      | Reached skill level 2 in Long Blades
  2370 | D:3      | Reached XP level 5. HP: 31/38 MP: 5/5
  2516 | D:3      | Noticed Robin
  2818 | D:3      | Killed Robin
  2840 | D:3      | Got a translucent helmet
  2862 | D:3      | Identified the cursed +0 helmet of the Tired Blessings {Str+4 Int+3} (You took it off Robin on level 3 of the Dungeon)
  3259 | D:4      | Noticed p0werm0de's ghost (amateur DsWr)
  3267 | D:4      | Killed p0werm0de's ghost
  3267 | D:4      | Reached skill level 3 in Long Blades
  3267 | D:4      | Reached XP level 6. HP: 43/44 MP: 6/6
  3284 | D:4      | Noticed Menkaure
  3472 | D:4      | Reached skill level 4 in Long Blades
  3718 | D:4      | Killed Menkaure
  3718 | D:4      | Gained mutation: You regenerate a little health from kills. [demonic ancestry]
  3718 | D:4      | Reached XP level 7. HP: 6/50 MP: 7/7
  4222 | D:5      | Entered Level 5 of the Dungeon
  4266 | D:5      | Reached skill level 5 in Long Blades
  4672 | D:5      | Found a staircase to the Ecumenical Temple.
  4683 | Temple   | Entered the Ecumenical Temple
  4829 | Temple   | Became a worshipper of Warmaster Okawaru
  5242 | D:6      | Reached skill level 6 in Long Blades
  5247 | D:6      | Reached XP level 8. HP: 5/56 MP: 8/8
  5508 | D:6      | Found Rizucwak's Assorted Antiques.
  5517 | D:6      | Bought a scroll labeled YCKIUD LESEUM for 31 gold pieces
  5517 | D:6      | Bought a scroll labeled LIODAXOINI for 31 gold pieces
  5517 | D:6      | Bought a viscous yellow potion for 27 gold pieces
  5517 | D:6      | Bought a scroll labeled BUONUD SIACUY for 31 gold pieces
  5540 | D:6      | Found a sparkling altar of Nemelex Xobeh.
  5605 | D:6      | Reached skill level 1 in Invocations
  5609 | D:6      | Reached * piety under Okawaru
  5658 | D:6      | Reached skill level 7 in Long Blades
  5781 | D:6      | Reached skill level 5 in Shields
  6321 | D:7      | Reached ** piety under Okawaru
  6366 | D:7      | Reached skill level 8 in Long Blades
  6743 | D:7      | Found Tuwaex's Gadget Shop.
  6756 | D:7      | Gained mutation: You regenerate health from kills. [demonic ancestry]
  6756 | D:7      | Reached XP level 9. HP: 61/61 MP: 12/12
  6980 | D:8      | Reached skill level 5 in Invocations
  7108 | D:8      | Noticed Grum
  7129 | D:8      | Killed Grum
  7129 | D:8      | Reached skill level 9 in Long Blades
  7222 | D:8      | Noticed Prince Ribbit
  7241 | D:8      | Killed Prince Ribbit
  7271 | D:8      | Noticed Maurice
  7294 | D:8      | Killed Maurice
  7543 | D:8      | Reached *** piety under Okawaru
  7543 | D:8      | Reached skill level 10 in Long Blades
  7908 | D:8      | Reached XP level 10. HP: 67/67 MP: 15/15
  8296 | D:9      | Found a staircase to the Lair.
  8296 | D:9      | Noticed Psyche
  8305 | D:9      | Killed Psyche
  8342 | D:9      | Noticed a centaur warrior
  8354 | D:9      | Killed a centaur warrior
  8411 | D:9      | Noticed a tengu warrior
  8411 | D:9      | Noticed a tengu warrior
  8436 | D:9      | Killed a tengu warrior
  8436 | D:9      | Reached **** piety under Okawaru
  8452 | D:9      | Killed a tengu warrior
  8452 | D:9      | Reached skill level 11 in Long Blades
  8713 | D:9      | Reached ***** piety under Okawaru
  8985 | D:9      | Found a deep blue altar of Sif Muna.
  9101 | D:10     | Entered Level 10 of the Dungeon
  9105 | D:10     | Noticed a hill giant
  9116 | D:10     | Killed a hill giant
  9323 | D:10     | Reached XP level 11. HP: 58/72 MP: 16/16
  9356 | D:10     | Reached skill level 5 in Dodging
  9399 | D:10     | Noticed an unseen horror
  9407 | D:10     | Killed an unseen horror
  9407 | D:10     | Reached skill level 5 in Armour
  9407 | D:10     | Reached skill level 1 in Evocations
  9706 | D:11     | Reached skill level 12 in Long Blades
  9879 | D:11     | Noticed a hill giant
  9881 | D:11     | Noticed a hill giant
  9889 | D:11     | Killed a hill giant
  9889 | D:11     | Received a gift from Okawaru
  9898 | D:11     | Killed a hill giant
 10077 | D:11     | Noticed a hill giant
 10087 | D:11     | Killed a hill giant
 10106 | D:11     | Noticed a hill giant
 10117 | D:11     | Killed a hill giant
 10136 | D:11     | Noticed a hill giant
 10148 | D:11     | Killed a hill giant
 10148 | D:11     | Reached ****** piety under Okawaru
 10184 | D:11     | Noticed Josephine
 10192 | D:11     | Killed Josephine
 10265 | D:11     | Noticed an unseen horror
 10272 | D:11     | Killed an unseen horror
 10272 | D:11     | Received a gift from Okawaru
 10275 | D:11     | Got a faintly glowing demon trident {god gift}
 10276 | D:11     | Identified the +4 demon trident "Tiunni" {freeze, +Blink rElec} (Okawaru gifted it to you on level 11 of the Dungeon)
 10441 | D:11     | Reached skill level 13 in Long Blades
 10627 | D:11     | Noticed a hill giant
 10634 | D:11     | Killed a hill giant
 10634 | D:11     | Reached skill level 5 in Fighting
 10634 | D:11     | Reached XP level 12. HP: 38/86 MP: 17/17
 10886 | D:12     | Reached skill level 5 in Evocations
 11014 | D:12     | Found a staircase to the Orcish Mines.
 11073 | D:12     | Received a gift from Okawaru
 11375 | D:12     | Killed from afar by a soul eater

Vault maps used:
D:1:      onia_arrival_handbag, minmay_strange_pillars
D:3:      uniq_robin
D:4:      first_bread, serial_glass, glass_columns_a, glass_columns_a,
          uniq_menkaure
D:5:      lemuel_flamethrower_2
D:6:      serial_shops, shop, serial_aquarium, aquarium_bridge_square,
          aquarium_window_fake, aquarium_window_1, aquarium_view_2g,
          aquarium_view_2e, nemelex_lonely_heart_becter
D:7:      serial_shops, shop_statue, dk_noncrumbling_4
D:8:      uniq_grum, uniq_prince_ribbit1, uniq_maurice
D:9:      lair_0_dummy, led_sif_pool, uniq_psyche
D:10:     grunt_pizzeria
D:11:     uniq_josephine
D:12:     zombieorc2_lemuel, kennysheep_just_a_vault
Temple:   roderic_octagonal_lattice_temple

Skill      XL: |  1  2  3  4  5  6  7  8  9 10 11 12 |
---------------+-------------------------------------+-----
Polearms       | 3 |  3.6
Armour         | 1 2 4 5 |  5.0
Long Blades    | 1 2 3 4 6 8 10 11 13 | 13.9
Shields        | 1 2 3 4 5 |  5.0
Invocations    | 4 7 |  7.2
Dodging        | 4 5 |  5.0
Evocations     | 4 6 |  6.0
Fighting       | 5 6 |  6.0
Throwing       | |  1.7

Action                   |  1- 3 |  4- 6 |  7- 9 | 10-12 || total
-------------------------+-------+-------+-------+-------++-------
Melee: Trident           |   114 |       |       |       ||   114
       Long sword        |    30 |   140 |   279 |   504 ||   953
       Punch             |       |       |     1 |       ||     1
Throw: Stone             |     2 |     6 |       |       ||     8
       Tomahawk          |       |     8 |     9 |     7 ||    24
       Throwing net      |       |     3 |     1 |       ||     4
Invok: Heroism           |       |       |     1 |     3 ||     4
Evoke: Wand              |       |     3 |     2 |     2 ||     7
       Phial of floods   |       |       |       |     1 ||     1
  Use: Potion            |       |     1 |     8 |     2 ||    11
       Scroll            |       |       |    13 |    10 ||    23
 Stab: Sleeping          |     3 |       |       |       ||     3
       Held in net/web   |       |       |     3 |       ||     3
       Distracted        |       |       |       |     1 ||     1
  Eat: Chunk             |     3 |     7 |    13 |    12 ||    35
       Beef jerky        |       |       |       |     1 ||     1
Armor: Leather armour    |    27 |       |       |       ||    27
       Chain mail        |    26 |     6 |    10 |   159 ||   201
       Scale mail        |       |    53 |   121 |       ||   174
       Skin              |       |       |    11 |       ||    11
Dodge: Dodged            |    60 |    58 |   144 |   171 ||   433
Block: Buckler           |       |       |    41 |   145 ||   186
       Rpst.: Long sword |     8 |    15 |    54 |    48 ||   125
